[Event "ICC tourney 1900 (45 10)"]
[Site "Internet Chess Club"]
[Date "2020.07.04"]
[Round "3"]
[White "Superowen"]
[Black "gardemarin13"]
[Result "0-1"]
[ICCResult "White resigns"]
[WhiteElo "1294"]
[BlackElo "1504"]
[Opening "Sicilian: Hungarian variation"]
[ECO "B34"]
[NIC "SI.33"]
[Time "16:03:40"]
[TimeControl "2700+10"]

1. e4 c5 2. Nf3 g6 3. d4 cxd4 4. Nxd4 Nc6 5. Be3 Nf6 6. Nc3 Bg7 7. f3 O-O 8.
Qd2 d5 9. O-O-O dxe4 10. fxe4 Ng4 11. Nxc6 Qxd2+ 12. Kxd2 bxc6 13. h3 Nxe3
14. Kxe3 Rb8 15. Na4 Bxb2 16. Rb1 Be5 17. Bc4 Kg7 18. Nc5 Rd8 19. Nd3 Bd4+
20. Ke2 Bb7 21. Rhf1 e6 22. Rf4 c5 23. Rbf1 f5 24. exf5 exf5 25. g4 Re8+ 26.
Kd1 Bg2 27. Re1 Rb1+ 28. Kd2 Rbxe1 29. Nxe1 Be3+ 30. Kd3 Bxf4 31. Nxg2 Rd8+
32. Kc3 Bd2+ 33. Kb3 Rb8+ 34. Ka3 Bc1+ 35. Ka4 Rb4+ 36. Ka5 Rxc4 37. Ne1
Bd2+ 38. Ka6 Bxe1 {White resigns} 0-1

[Event "ICC tourney 1900 (45 10)"]
[Site "Internet Chess Club"]
[Date "2020.07.04"]
[Round "3"]
[White "ASilverRook"]
[Black "Averyyu321"]
[Result "1/2-1/2"]
[ICCResult "Game drawn by repetition"]
[WhiteElo "1341"]
[BlackElo "1229"]
[Opening "English opening"]
[ECO "A13"]
[NIC "EO.64"]
[Time "16:03:26"]
[TimeControl "2700+10"]

1. c4 e6 2. g3 Nf6 3. Nc3 d5 4. cxd5 exd5 5. d4 c6 6. Nf3 Bd6 7. Bg2 O-O 8.
Bg5 h6 9. Bxf6 Qxf6 10. O-O Re8 11. Re1 Bf5 12. Nh4 Be4 13. f3 Bh7 14. e4
dxe4 15. fxe4 Bc7 16. e5 Qe7 17. Qg4 Qd7 18. Bh3 Qxg4 19. Bxg4 Na6 20. a3
Bb6 21. Rad1 Rad8 22. Nf3 Nc7 23. Na4 Bc2 24. Nxb6 Bxd1 25. Nc4 Bxf3 26.
Bxf3 Rxd4 27. Nd6 Rb8 28. Bd1 Nb5 29. Ne4 Rbd8 30. Bb3 b6 31. a4 Nc7 32. Nd6
Rf8 33. Rf1 Nd5 34. Rc1 c5 35. Nb5 Rd3 36. Bc4 Rd2 37. Nxa7 Ne3 38. Bb5 Rxb2
39. Re1 Nf5 40. Nc6 Rc8 41. Rf1 Ne3 42. Ne7+ Kf8 43. Ng6+ Kg8 44. Ne7+ Kf8
45. Ng6+ Kg8 46. Ne7+ {Game drawn by repetition} 1/2-1/2

[Event "ICC tourney 1900 (45 10)"]
[Site "Internet Chess Club"]
[Date "2020.07.04"]
[Round "3"]
[White "Quinlandia"]
[Black "Ajitesh20091"]
[Result "1/2-1/2"]
[ICCResult "Game drawn by mutual agreement"]
[WhiteElo "1198"]
[BlackElo "1339"]
[Opening "Queen's pawn, Mason variation"]
[ECO "D00"]
[NIC "QP.08"]
[Time "16:03:51"]
[TimeControl "2700+10"]

1. d4 d5 2. Bf4 Nf6 3. e3 e6 4. Nf3 Be7 5. h3 c5 6. c3 Nc6 7. Nbd2 Bd7 8.
Bd3 Rc8 9. O-O O-O 10. Qe2 cxd4 11. exd4 Qb6 12. Rab1 Rfd8 13. Ne5 Nxe5 14.
dxe5 Ne8 15. Nf3 Nc7 16. Bg5 Bxg5 17. Nxg5 h6 18. Nf3 Bb5 19. Nd4 Bxd3 20.
Qxd3 Na6 21. b4 Qc7 22. f4 Qxc3 23. Qxc3 Rxc3 24. Nb5 Rc2 25. a3 d4 26. Nd6
d3 27. Rb3 d2 28. Rd3 Nc7 29. Rd1 Nd5 30. R1xd2 Rxd2 31. Rxd2 Nxf4 32. Rf2
Nd3 33. Nxf7 Rd7 34. Rf3 Ne1 35. Rf1 Rxf7 36. Rxe1 Rd7 37. Re3 Kf7 38. Kf2
Kg6 39. g4 h5 40. gxh5+ Kxh5 41. Kf3 Kh4 42. Ke4 g5 43. Rf3 Rd1
{Game drawn by mutual agreement}
1/2-1/2

[Event "ICC tourney 1900 (45 10)"]
[Site "Internet Chess Club"]
[Date "2020.07.04"]
[Round "3"]
[White "Adhvaith0406"]
[Black "evg1234567"]
[Result "1-0"]
[ICCResult "Black resigns"]
[WhiteElo "1469"]
[BlackElo "1602"]
[Opening "Queen's pawn: London system"]
[ECO "A45"]
[NIC "QP.07"]
[Time "16:03:47"]
[TimeControl "2700+10"]

1. d4 Nf6 2. Bf4 d5 3. e3 Bf5 4. f3 c6 5. Nc3 e6 6. g4 Bg6 7. h4 h6 8. Bd3
Bxd3 9. Qxd3 Bd6 10. Nge2 Qc7 11. O-O-O Nbd7 12. g5 Nh5 13. Bxd6 Qxd6 14. f4
O-O-O 15. Kb1 Kb8 16. Rdg1 g6 17. Qd1 Rdg8 18. Ng3 Nxg3 19. Rxg3 h5 20. Rf1
Rc8 21. e4 dxe4 22. Nxe4 Qd5 23. Qd3 Rhd8 24. c4 Qf5 25. Nd6 Qxd3+ 26. Rxd3
Rc7 27. Nxf7 Rf8 28. Ne5 Nxe5 29. dxe5 Rcf7 30. Rdf3 Kc7 31. Kc2 Rf5 32. Kd2
Rd8+ 33. Rd3 Rff8 34. Rd6 Rxd6+ 35. exd6+ Kxd6 36. Ke3 Rf5 37. Rd1+ Ke7 38.
Ke4 Rf7 39. b4 Rf5 40. a4 b6 41. Rd2 c5 42. b5 Rf8 43. a5 Rd8 44. Rxd8 Kxd8
45. Ke5 bxa5 46. Kxe6 a4 47. f5 a3 48. fxg6 a2 49. g7 a1=Q 50. g8=Q+ Kc7 51.
Qf7+ Kb6 52. Qf6 Qe1+ 53. Kf7+ Ka5 54. Qa6+ Kb4 55. Qxa7 Qf1+ 56. Kg6 Qd3+
57. Kxh5 Qe2+ 58. Kh6 Qe6+ 59. g6 Qf6 60. h5 Qh8+ 61. Qh7 Qf6 62. Qg7 Qf4+
63. Kh7 Qxc4 64. b6 Qd5 65. h6 c4 66. b7 Qd8 67. b8=Q+ {Black resigns} 1-0

[Event "ICC tourney 1900 (45 10)"]
[Site "Internet Chess Club"]
[Date "2020.07.04"]
[Round "3"]
[White "vibi"]
[Black "ruitang"]
[Result "0-1"]
[ICCResult "White resigns"]
[WhiteElo "1449"]
[BlackElo "1481"]
[Opening "English, 1...Nf6 (Anglo-Indian defense)"]
[ECO "A15"]
[NIC "EO.64"]
[Time "16:03:39"]
[TimeControl "2700+10"]

1. c4 Nf6 2. g3 g6 3. Bg2 Bg7 4. Nf3 O-O 5. Nc3 d5 6. cxd5 Nxd5 7. O-O c5 8.
a3 Nc6 9. Nxd5 Qxd5 10. d3 e5 11. Qc2 Qd6 12. Be3 b6 13. Rac1 Bd7 14. Rfd1
Rac8 15. Qb1 h6 16. Nd2 Nd4 17. Bxd4 exd4 18. Nc4 Qe7 19. Re1 Bc6 20. Bxc6
Rxc6 21. a4 Re6 22. Rc2 h5 23. Qc1 h4 24. Qf4 Re8 25. Kf1 Qb7 26. f3 hxg3
27. hxg3 Qc6 28. b3 Rf6 29. Qg4 Rf5 30. Nd2 Rh5 31. Kg2 Bh6 32. Ne4 f5
{White resigns}
0-1

[Event "ICC tourney 1900 (45 10)"]
[Site "Internet Chess Club"]
[Date "2020.07.04"]
[Round "3"]
[White "checkninja"]
[Black "AHSRULES"]
[Result "0-1"]
[ICCResult "White checkmated"]
[WhiteElo "1411"]
[BlackElo "1558"]
[Opening "Sicilian, Chekhover variation"]
[ECO "B53"]
[NIC "SI.02"]
[Time "16:03:39"]
[TimeControl "2700+10"]

1. e4 c5 2. Nf3 d6 3. d4 cxd4 4. Qxd4 Nc6 5. Bb5 Bd7 6. Qd3 Nf6 7. c4 g6 8.
Nc3 Bg7 9. O-O O-O 10. h3 Nb4 11. Qe2 a6 12. Bxd7 Nxd7 13. Nd5 Nxd5 14. exd5
b5 15. cxb5 axb5 16. Bg5 Nf6 17. Rfd1 Qb6 18. Be3 Qb7 19. Qd3 b4 20. Qb3 Ra5
21. Bd4 Nxd5 22. Bxg7 Kxg7 23. Rd4 Rfa8 24. Rad1 e6 25. a3 Rb5 26. axb4 Rb8
27. Qd3 Rxb4 28. Rxb4 Qxb4 29. Rd2 Rc8 30. Qd4+ Qxd4 31. Nxd4 Kf6 32. Kf1 e5
33. Nb5 Rc1+ 34. Ke2 Ke6 35. f3 Nf4+ 36. Kf2 d5 37. Nc3 d4 38. Ne2 Nxe2 39.
Kxe2 Kd5 40. Kd3 Re1 41. Rc2 f5 42. Rc7 e4+ 43. Kd2 Rg1 44. fxe4+ fxe4 45.
b4 Rxg2+ 46. Kc1 e3 47. b5 d3 48. Rd7+ Kc4 49. b6 Kc3 50. Rc7+ Kb3 51. Kb1
d2 52. b7 Rg1+ 53. Rc1 Rxc1# {White checkmated} 0-1

[Event "ICC tourney 1900 (45 10)"]
[Site "Internet Chess Club"]
[Date "2020.07.04"]
[Round "3"]
[White "math54321"]
[Black "Chessplayer44"]
[Result "0-1"]
[ICCResult "White checkmated"]
[WhiteElo "1239"]
[BlackElo "1304"]
[Opening "French: Winawer, advance, poisoned pawn, Konstantinopolsky variation"]
[ECO "C18"]
[NIC "FR.11"]
[Time "16:03:28"]
[TimeControl "2700+10"]

1. e4 e6 2. d4 d5 3. Nc3 Bb4 4. e5 c5 5. a3 Bxc3+ 6. bxc3 Ne7 7. Qg4 Qc7 8.
Qxg7 Rg8 9. Qxh7 cxd4 10. Ne2 Nbc6 11. f4 Bd7 12. Bd2 dxc3 13. Nxc3 a6 14.
g3 O-O-O 15. Bg2 Nf5 16. Qxf7 Rdf8 17. Qh5 Rh8 18. Qe2 Be8 19. Rb1 Nfd4 20.
Qd3 Rfg8 21. O-O Bg6 22. Qe3 Qh7 23. h3 Nxc2 24. Qc5 Bd3 25. Rf3 Nd4 26.
Rxd3 Qxd3 27. Be1 Ne2+ 28. Kh2 Nxc3 29. Rb6 Nb5 30. Rxc6+ bxc6 31. Qxc6+ Nc7
32. g4 Qc4 33. Qd6 Rg7 34. Bg3 Rxg4 35. Qb6 Rxg3 36. Kxg3 Rg8+ 37. Kh2 Qxf4+
38. Kh1 Qc1+ 39. Kh2 Qf4+ 40. Kh1 Qxe5 41. Qb1 Qg3 42. Qg1 Qxa3 43. Kh2 Qd6+
44. Kh1 e5 45. Kh2 e4+ 46. Kh1 Qg3 47. Qf1 Qxg2+ 48. Qxg2 Rxg2 49. Kxg2 a5
50. Kf2 a4 51. Ke2 a3 52. h4 a2 53. h5 a1=Q 54. h6 d4 55. h7 d3+ 56. Kd2 Qh8
57. Ke3 Qxh7 58. Kd2 Kd7 59. Ke3 Kd6 60. Kd2 Kd5 61. Ke3 Na8 62. Kd2 Kd4 63.
Kd1 Qh2 64. Kc1 Qc2# {White checkmated} 0-1

[Event "ICC tourney 1900 (45 10)"]
[Site "Internet Chess Club"]
[Date "2020.07.04"]
[Round "3"]
[White "gmcarebear999"]
[Black "Erky"]
[Result "1/2-1/2"]
[ICCResult "White stalemated"]
[WhiteElo "1300"]
[BlackElo "1351"]
[Opening "King's Indian: 6.Be2"]
[ECO "E91"]
[NIC "KI.19"]
[Time "16:03:40"]
[TimeControl "2700+10"]

1. d4 Nf6 2. c4 g6 3. Nc3 Bg7 4. e4 d6 5. Nf3 O-O 6. Be2 c5 7. d5 e6 8. O-O
exd5 9. exd5 a6 10. Re1 Re8 11. Bf4 Qc7 12. h3 Bf5 13. Bd3 Bxd3 14. Qxd3
Nbd7 15. Nd2 Nh5 16. Bh2 Ne5 17. Bxe5 Bxe5 18. Nde4 h6 19. Nd2 Qd7 20. Nf3
f5 21. Nxe5 dxe5 22. Qe3 Qd6 23. Qxh6 Re7 24. Qg5 Kf7 25. Rab1 e4 26. f3
exf3 27. Rxe7+ Qxe7 28. Qxe7+ Kxe7 29. gxf3 Kd6 30. Kg2 Nf4+ 31. Kg3 g5 32.
Re1 Rh8 33. Rh1 Ke5 34. h4 gxh4+ 35. Rxh4 Rg8+ 36. Kf2 Nd3+ 37. Ke3 Nxb2 38.
Ne2 b5 39. f4+ Kf6 40. cxb5 axb5 41. Rh6+ Rg6 42. Rxg6+ Kxg6 43. Ng3 Nc4+
44. Kd3 Nd6 45. a3 Kf6 46. Ne2 Ne4 47. Ng1 Ke7 48. Nf3 Kd6 49. Nh4 Ng3 50.
Ke3 Kxd5 51. Kf3 Ne4 52. Nxf5 Nd2+ 53. Ke2 Nb1 54. Ne3+ Ke4 55. f5 Nc3+ 56.
Kd2 Nd5 57. Nxd5 Kxd5 58. Kc3 Ke5 59. Kb3 Kxf5 60. a4 bxa4+ 61. Kxa4 Ke5 62.
Kb3 Kd5 63. Kc3 c4 64. Kc2 Kd4 65. Kd2 c3+ 66. Kc2 Kc4 67. Kc1 Kd3 68. Kd1
c2+ 69. Kc1 Kc3 {White stalemated} 1/2-1/2

[Event "ICC tourney 1900 (45 10)"]
[Site "Internet Chess Club"]
[Date "2020.07.04"]
[Round "3"]
[White "VincentT2008"]
[Black "ORSAJack88"]
[Result "0-1"]
[ICCResult "White resigns"]
[WhiteElo "1312"]
[BlackElo "1506"]
[Opening "QGD semi-Slav"]
[ECO "D43"]
[NIC "SL.03"]
[Time "16:04:10"]
[TimeControl "2700+10"]

1. d4 d5 2. c4 c6 3. Nc3 Nf6 4. Nf3 e6 5. Bg5 Be7 6. e3 Nbd7 7. c5 e5 8. Be2
exd4 9. exd4 O-O 10. O-O h6 11. Bh4 g5 12. Bg3 Nh5 13. Qc2 Nxg3 14. hxg3 Qc7
15. Rfe1 Nf6 16. Bd3 Bg4 17. Ne5 Rae8 18. Nd1 Bxd1 19. Raxd1 Nd7 20. Ng4 Kg7
21. Bf5 Bf6 22. Qd3 Qd8 23. Rxe8 Rxe8 24. Qf3 Nf8 25. Kh2 Ne6 26. Bxe6 Rxe6
27. Ne3 Kf8 28. Nf5 Bg7 29. Rd2 Qf6 30. g4 Qd8 31. Re2 Kg8 32. Nd6 Rxd6 33.
cxd6 Qxd6+ 34. Kg1 Bxd4 35. Qf5 Kg7 36. b3 Bc3 37. Re8 d4 38. Qc8 d3 39.
Rg8+ Kh7 40. Rd8 Qe5 41. Rxd3 Qe1+ 42. Kh2 Be5+ 43. Rg3 Qxf2 44. Qf5+ Qxf5
45. gxf5 Bxg3+ 46. Kxg3 Kg7 47. Kg4 Kf6 48. Kh5 Kxf5 49. Kxh6 g4 {White
resigns} 0-1

[Event "ICC tourney 1900 (45 10)"]
[Site "Internet Chess Club"]
[Date "2020.07.04"]
[Round "3"]
[White "Samuelhe2098"]
[Black "Sanyi9Pakh"]
[Result "1/2-1/2"]
[ICCResult "Game drawn by mutual agreement"]
[WhiteElo "1415"]
[BlackElo "1511"]
[Opening "Scandinavian: Marshall variation"]
[ECO "B01"]
[NIC "SD.03"]
[Time "16:03:16"]
[TimeControl "2700+10"]

1. e4 d5 2. exd5 Nf6 3. d4 Nxd5 4. c4 Nb6 5. Be2 Bf5 6. Be3 e6 7. Nf3 N8d7
8. Nbd2 Be7 9. Rc1 O-O 10. O-O c5 11. Nb3 Na4 12. Qd2 Nf6 13. dxc5 Qxd2 14.
Nfxd2 Nxb2 15. Bd4 Nd3 16. Bxd3 Bxd3 17. Rfe1 Rfd8 18. Be3 Ne4 19. Nxe4 Bxe4
20. Bf4 Bc6 21. Rcd1 Rxd1 22. Rxd1 Ba4 23. Bd6 Kf8 24. Kf1 Rc8 25. Rd4 b6
26. cxb6 axb6 27. Bxe7+ Kxe7 28. Ke2 e5 29. Re4 Ke6 30. Kd3 Rd8+ 31. Kc3 f5
32. Re2 Bc6 33. f3 Rd1 34. f4 Be4 35. fxe5 Kxe5 36. Kb4 Kd6 37. Kb5 Kc7 38.
Kb4 g5 39. c5 bxc5+ 40. Nxc5 Rb1+ 41. Nb3 Rg1 42. g3 h5 43. a4 Rg2 44. Rxg2
Bxg2 45. Nd4 f4 46. gxf4 gxf4 47. Ne6+ Kb7 48. Nxf4 Bf3 49. Kc5 Ka6 50. Kb4
Bd1 51. a5 Bf3 52. Ne6 h4 53. Nc5+ Ka7 54. Kb5 Be2+ 55. Kb4 h3 56. Ne4 Bf1
57. Nf2 Ka6 58. Ne4 Ka7 59. Nc5 Be2 60. Kc3 Bf1 61. Kd2 Bg2 62. Ke3 Bf1 63.
Kf2 Bg2 64. Kg3 Bf1 65. Kf2 Bg2 66. Kg3 Bf1 67. Ne4 Ka6 68. Nf2 Kxa5 69.
Nxh3 Kb6 70. Nf4 Kc7 71. h4 Kd7 72. Kg4 Ke7 73. Kg5 Kf7 74. Kh6 Kg8 75. h5
Bc4 76. Kg5 Bb3 {Game drawn by mutual agreement} 1/2-1/2

[Event "ICC tourney 1900 (45 10)"]
[Site "Internet Chess Club"]
[Date "2020.07.04"]
[Round "3"]
[White "msk2018"]
[Black "peekaboopenguin"]
[Result "0-1"]
[ICCResult "White checkmated"]
[WhiteElo "1629"]
[BlackElo "1247"]
[Opening "Queen's pawn, Mason variation"]
[ECO "D00"]
[NIC "QP.08"]
[Time "16:03:46"]
[TimeControl "2700+10"]

1. d4 d5 2. Bf4 e6 3. e3 Nf6 4. Bd3 Be7 5. h3 b6 6. Nf3 Bb7 7. O-O O-O 8.
Nbd2 Nbd7 9. c3 c5 10. Re1 Rc8 11. e4 dxe4 12. Nxe4 Nxe4 13. Bxe4 Bxe4 14.
Rxe4 Nf6 15. Re1 Nd5 16. Bg3 c4 17. Ne5 Bd6 18. Bh2 Qg5 19. Qe2 b5 20. Nf3
Bxh2+ 21. Nxh2 Nf4 22. Qf3 Nd3 23. Re2 a5 24. Qe4 Nf4 25. Re3 Nd3 26. Nf3
Qf4 27. Qxf4 Nxf4 28. a4 b4 29. cxb4 axb4 30. Ne5 c3 31. bxc3 bxc3 32. Rc1
Rfd8 33. Nf3 Rd7 34. Kh2 Nd5 35. Rd3 Ra7 36. Ng5 h6 37. Ne4 c2 38. Rb3 Rxa4
39. Rb2 Rxd4 40. Nd6 Rc6 41. Nb5 Rb4 42. Rxb4 Nxb4 43. Nd4 Rc4 44. Nb3 Rc3
45. Nd4 Rc4 46. Nb3 Nd3 47. Rf1 c1=Q 48. Nxc1 Rxc1 49. Rxc1 Nxc1 50. Kg3 Kh7
51. Kf4 Kg6 52. g4 Nd3+ 53. Ke4 Nxf2+ 54. Kf3 Nxh3 55. g5 Kxg5 56. Kg2 Kg4
57. Kh1 e5 58. Kg2 e4 59. Kf1 e3 60. Ke2 Kf4 61. Ke1 g5 62. Ke2 g4 63. Ke1
g3 64. Kf1 Kf3 65. Ke1 e2 66. Kd2 Kf2 67. Kc1 e1=Q+ 68. Kc2 Nf4 69. Kb3 Nd3
70. Kc4 Ne5+ 71. Kd4 Qe3+ 72. Kd5 f6 73. Kd6 Qd4+ 74. Ke6 Qd7+ 75. Kxf6 Ng4+
76. Kg6 Qe6+ 77. Kh5 Qf5+ 78. Kh4 Qg5+ 79. Kh3 Qh5# {White checkmated} 0-1

[Event "ICC tourney 1900 (45 10)"]
[Site "Internet Chess Club"]
[Date "2020.07.04"]
[Round "3"]
[White "drberkley"]
[Black "arconsul2"]
[Result "1-0"]
[ICCResult "Black resigns"]
[WhiteElo "1506"]
[BlackElo "1296"]
[Opening "Vienna gambit"]
[ECO "C29"]
[NIC "VG.04"]
[Time "16:03:37"]
[TimeControl "2700+10"]

1. e4 e5 2. Nc3 Nf6 3. f4 d6 4. Nf3 Nc6 5. Bb5 exf4 6. d4 Bd7 7. Bxf4 Be7 8.
O-O O-O 9. d5 Nb8 10. Be2 Bg4 11. h3 Bh5 12. Nd4 Bxe2 13. Qxe2 Nbd7 14. Nf5
Ne5 15. Bg5 Ng6 16. Nxe7+ Qxe7 17. Qf3 Ne5 18. Qf5 Ned7 19. Rf3 Qe5 20. Raf1
Rae8 21. Qxe5 Nxe5 22. Rf5 Nfd7 23. b3 f6 24. Be3 a6 25. Bc1 Ng6 26. Re1 Re7
27. Rf3 Rfe8 28. g3 Nge5 29. Rfe3 b5 30. Ne2 Nf8 31. Nd4 g6 32. Kg2 Kg7 33.
Bd2 Rc8 34. Bb4 a5 35. Bxa5 Ra8 36. Bb4 Rxa2 37. Rc3 Nfd7 38. Rxc7 Nd3 39.
Bxd6 Nxe1+ 40. Kf1 Rxe4 41. Rxd7+ Kh6 42. Ne6 g5 43. g4 Ra8 44. Nf8 Rxf8 45.
Bxf8+ {Black resigns} 1-0

[Event "ICC tourney 1900 (45 10)"]
[Site "Internet Chess Club"]
[Date "2020.07.04"]
[Round "3"]
[White "BTyrrell"]
[Black "rkanury1"]
[Result "1-0"]
[ICCResult "Black checkmated"]
[WhiteElo "1291"]
[BlackElo "1177"]
[Opening "R?ti: King's Indian attack (Barcza system)"]
[ECO "A07"]
[NIC "QP.09"]
[Time "16:03:53"]
[TimeControl "2700+10"]

1. Nf3 d5 2. g3 Nf6 3. Bg2 c5 4. O-O e6 5. d3 Be7 6. Nbd2 O-O 7. e4 Nc6 8.
b3 b6 9. Bb2 Bb7 10. Re1 d4 11. a4 e5 12. Nc4 Qc7 13. Nh4 Nd7 14. Nf5 g6 15.
Nxe7+ Nxe7 16. Bc1 Kg7 17. Qg4 Nf6 18. Qh4 Neg8 19. f4 exf4 20. Bxf4 Qd7 21.
Be5 Rfe8 22. Rf1 Qe7 23. Rxf6 Nxf6 24. Rf1 Kg8 25. Bxf6 Qf8 26. Be5 Qe7 27.
Rf4 Ba6 28. Bf6 Qf8 29. Nd6 Re6 30. Nf5 Qb8 31. Qxh7+ Kxh7 32. Rh4+ Kg8 33.
Rh8# {Black checkmated} 1-0

[Event "ICC tourney 1900 (45 10)"]
[Site "Internet Chess Club"]
[Date "2020.07.04"]
[Round "3"]
[White "Joshua1"]
[Black "Alexbander"]
[Result "1-0"]
[ICCResult "Black forfeits on time"]
[WhiteElo "1562"]
[BlackElo "1298"]
[Opening "QGD: exchange, positional line"]
[ECO "D35"]
[NIC "QO.16"]
[Time "16:03:17"]
[TimeControl "2700+10"]

1. d4 d5 2. c4 e6 3. Nc3 Nf6 4. cxd5 exd5 5. Bg5 Be7 6. e3 Nbd7 7. Bd3 O-O
8. Nge2 h6 9. Bh4 c6 10. Qc2 Nb6 11. O-O Nc4 12. e4 Be6 13. e5 Nd7 14. Bxe7
Qxe7 15. b3 Na3 16. Qd2 b5 17. f4 f5 18. Rac1 a5 19. Kh1 Nb6 20. Nb1 Bd7 21.
Nxa3 Qxa3 22. Rc5 Rac8 23. Qc2 Rfe8 24. g4 fxg4 25. Bg6 Rf8 26. f5
{Black forfeits on time}
1-0

[Event "ICC tourney 1900 (45 10)"]
[Site "Internet Chess Club"]
[Date "2020.07.04"]
[Round "3"]
[White "delere"]
[Black "sirking2800"]
[Result "1-0"]
[ICCResult "Black resigns"]
[WhiteElo "1565"]
[BlackElo "1450"]
[Opening "Two knights defense (Modern bishop's opening)"]
[ECO "C55"]
[NIC "IG.01"]
[Time "16:03:31"]
[TimeControl "2700+10"]

1. e4 e5 2. Nf3 Nc6 3. Bc4 Nf6 4. d3 Be7 5. O-O O-O 6. c3 d6 7. h3 h6 8. Re1
Be6 9. Bb3 Kh8 10. Nbd2 Qd7 11. Nf1 Nh7 12. d4 Bxb3 13. Qxb3 Na5 14. Qd5 Nc6
15. dxe5 Rad8 16. exd6 Bxd6 17. e5 Be7 18. Qe4 Rfe8 19. Bf4 Nf8 20. Ne3 Ng6
21. Bg3 Bf6 22. Nc4 b5 23. Rad1 Qe6 24. Rxd8 Nxd8 25. Ncd2 Qxa2 26. Qd3 Be7
27. Qxb5 Rf8 28. Ne4 c6 29. Qe2 Ne6 30. Nd4 Nxd4 31. cxd4 Rb8 32. Qc2 Qxb2
33. Qxc6 Qxd4 34. e6 Rf8 35. exf7 Ne5 36. Qc7 Qb4 37. f3 Nd3 38. Rd1 Rxf7
39. Kh2 Qb3 40. Rd2 Kh7 41. Qxa7 Bb4 42. Rxd3 Qxd3 43. Qxf7 Qd4 44. Qf5+ Kg8
45. Be5 Qa7 46. Qc8+ Kh7 47. Qc4 Be1 48. Qc2 Kg8 49. Qc8+ Kh7 50. Qf5+ Kg8
51. Nd6 Bh4 52. Qc8+ Kh7 53. Qc2+ Kg8 54. Qc4+ Kh7 55. Qxh4 {Black resigns}
1-0

[Event "ICC tourney 1900 (45 10)"]
[Site "Internet Chess Club"]
[Date "2020.07.04"]
[Round "3"]
[White "hursha6b5"]
[Black "steinutz"]
[Result "1/2-1/2"]
[ICCResult "Game drawn by mutual agreement"]
[WhiteElo "1378"]
[BlackElo "1349"]
[Opening "Ruy Lopez: classical (Cordel) defense"]
[ECO "C64"]
[NIC "RL.01"]
[Time "16:03:56"]
[TimeControl "2700+10"]

1. e4 e5 2. Nf3 Nc6 3. Bb5 Bc5 4. O-O Nge7 5. Nxe5 Nxe5 6. d4 Bb6 7. dxe5
O-O 8. Kh1 Ng6 9. f4 a6 10. Bc4 Ba7 11. Qe1 b5 12. Bb3 Bb7 13. Nc3 Kh8 14.
Be3 Bxe3 15. Qxe3 f5 16. Rad1 fxe4 17. Nxe4 Qe7 18. Bd5 Bxd5 19. Rxd5 Nxe5
20. Ng5 d6 21. Re1 h6 22. Nf3 Qf7 23. Nxe5 Qxd5 24. Ng6+ Kh7 25. Nxf8+ Rxf8
26. Qe4+ Qxe4 27. Rxe4 Rf7 28. g3 Kg6 29. Kg2 Kf6 30. Kf3 Re7 31. g4 g5 32.
f5 Re5 33. c4 Rc5 34. b3 bxc4 35. Rxc4 Ra5 36. a4 Rd5 37. Re4 c5 38. Re6+
Kg7 39. Ke2 a5 40. h3 Rd4 41. Re3 Kf7 42. Re6 Kg7 43. Kf3 Rd3+ 44. Re3 Rd4
45. Ke2 Kf7 46. Rd3 Rxd3 47. Kxd3 d5 48. Ke3 Kf6 49. Kd3 Ke5 50. Ke3 Kf6 51.
Kf3 Ke5 52. Kf2 Kf6 53. Ke1 Ke5 54. Kd1 Kf6 55. Kc1 Ke5 56. Kb2 Kd6
{Game drawn by mutual agreement}
1/2-1/2

[Event "ICC tourney 1900 (45 10)"]
[Site "Internet Chess Club"]
[Date "2020.07.04"]
[Round "3"]
[White "destroyingeagle"]
[Black "cdj12417489"]
[Result "1-0"]
[ICCResult "Black checkmated"]
[WhiteElo "1236"]
[BlackElo "1216"]
[Opening "R?ti opening"]
[ECO "A05"]
[NIC "QP.11"]
[Time "16:03:55"]
[TimeControl "2700+10"]

1. Nf3 Nf6 2. g3 b6 3. Bg2 Bb7 4. O-O e6 5. d3 Be7 6. e4 d6 7. Nbd2 O-O 8.
Ne1 e5 9. f4 exf4 10. gxf4 Qd7 11. Nc4 d5 12. e5 Ne8 13. Ne3 f6 14. d4 c5
15. c3 cxd4 16. cxd4 Na6 17. Nd3 Nac7 18. Nf2 f5 19. Qf3 g6 20. Nfd1 Ng7 21.
Nc3 Rad8 22. Rd1 Nge6 23. Qg3 Ng7 24. Nc2 Nh5 25. Qf2 Qe6 26. Bf3 Ng7 27.
Kh1 Qd7 28. Rg1 Nge6 29. Ne1 Qe8 30. Bg2 Nb5 31. Nxb5 Qxb5 32. Bf1 Qe8 33.
Nf3 Qd7 34. Bd3 Rf7 35. Be3 Rg7 36. h3 Rf8 37. h4 Qe8 38. Kh2 Kh8 39. Rg2
Rfg8 40. Rag1 a6 41. Qe2 b5 42. a4 b4 43. Bxa6 Bxa6 44. Qxa6 Qa8 45. Qxe6
Qxa4 46. Qxd5 Qe8 47. Qe6 Qd8 48. Ng5 Qf8 49. d5 Bd8 50. Qd6 Qxd6 51. exd6
Rb7 52. Bd4+ Rbg7 53. Nf7# {Black checkmated} 1-0

[Event "ICC tourney 1900 (45 10)"]
[Site "Internet Chess Club"]
[Date "2020.07.04"]
[Round "3"]
[White "Legal757"]
[Black "evilking"]
[Result "0-1"]
[ICCResult "White forfeits on time"]
[WhiteElo "1296"]
[BlackElo "1454"]
[Opening "KGA: Quaade gambit"]
[ECO "C37"]
[NIC "KG.01"]
[Time "16:03:31"]
[TimeControl "2700+10"]

1. e4 e5 2. f4 exf4 3. Nf3 g5 4. Nc3 Bg7 5. g3 fxg3 6. hxg3 h6 7. d4 d6 8.
Be3 Nc6 9. Qd3 Bg4 10. Be2 Qd7 11. O-O-O O-O-O 12. d5 Nb4 13. Qc4 a5 14. a3
Na6 15. Ba7 Ne7 16. Rhf1 Rde8 17. Bb6 Kb8 18. Bxa5 f5 19. exf5 Bxf5 20. Bd3
Rhf8 21. Nd4 Bg4 22. Rde1 Nc5 23. Ncb5 b6 24. Bb4 Nxd3+ 25. cxd3 Nf5 26.
Rxe8+ Rxe8 27. Nc6+ Kb7 28. Bc3 Ne3 {White forfeits on time} 0-1

[Event "ICC tourney 1900 (45 10)"]
[Site "Internet Chess Club"]
[Date "2020.07.04"]
[Round "3"]
[White "kralj8"]
[Black "mydogeatschess"]
[Result "1-0"]
[ICCResult "Black resigns"]
[WhiteElo "1710"]
[BlackElo "1349"]
[Opening "Ruy Lopez: Morphy defense"]
[ECO "C77"]
[NIC "RL.12"]
[Time "16:03:30"]
[TimeControl "2700+10"]

1. e4 e5 2. Nf3 Nc6 3. Bb5 a6 4. Ba4 Nf6 5. d4 exd4 6. O-O Bc5 7. e5 Nd5 8.
c3 O-O 9. cxd4 Ba7 10. Bb3 Nce7 11. Bg5 h6 12. Bh4 Nf4 13. Nc3 d6 14. Qd2
Nfg6 15. exd6 Nxh4 16. Nxh4 Qxd6 17. Rad1 Qf6 18. Nf3 Bg4 19. Ne4 Qf5 20.
Ng3 Qf6 21. Qe3 Bxf3 22. gxf3 Ng6 23. Ne4 Qh4 24. Kh1 Kh8 25. Rg1 Rae8 26.
Bxf7 Rxf7 27. Rxg6 Qh5 28. Rg3 c6 29. Rd3 Bb8 30. Rg2 Ref8 31. Ng3 Qxf3 32.
Ne4 Qxe3 33. fxe3 Rf1+ 34. Rg1 R1f5 35. Rd2 Rf3 36. Re2 Re8 37. Kg2 Rf5 38.
Ng3 Rg5 39. Kf1 Rf8+ 40. Rf2 Rxf2+ 41. Kxf2 Ra5 42. a3 Rg5 43. Kf3 h5 44.
Rh1 h4 45. Ne4 Rb5 46. b4 a5 47. Nc3 Rg5 48. e4 axb4 49. axb4 h3 50. e5 Kg8
51. Ne4 Rg2 52. Nf2 Kf7 53. Nxh3 Rb2 54. Ke4 Rxb4 55. Rf1+ Ke7 56. Ng5 Ba7
57. Rf7+ Ke8 58. Rxg7 Rxd4+ 59. Kf5 Rh4 60. Ne4 Rxh2 61. Nf6+ Kf8 62. Rg8+
Kf7 63. e6+ Ke7 64. Rg7+ Kd6 65. Rd7+ Kc5 66. e7 Rf2+ 67. Kg6 Rg2+ 68. Kf7
Re2 69. Rxb7 Bb6 70. e8=Q Rxe8 71. Kxe8 Ba5 72. Kd7 Bc3 73. Ne4+ {Black
resigns} 1-0

[Event "ICC tourney 1900 (45 10)"]
[Site "Internet Chess Club"]
[Date "2020.07.04"]
[Round "4"]
[White "rkanury1"]
[Black "Gurru235088"]
[Result "0-1"]
[ICCResult "White checkmated"]
[WhiteElo "1152"]
[BlackElo "1394"]
[Opening "French: Winawer (Nimzovich) variation"]
[ECO "C15"]
[NIC "FR.08"]
[Time "18:30:39"]
[TimeControl "2700+10"]

1. e4 e6 2. d4 d5 3. Nc3 Bb4 4. Bd3 c5 5. dxc5 d4 6. a3 Qa5 7. Bd2 dxc3 8.
axb4 cxd2+ 9. Qxd2 Qxa1+ 10. Ke2 Nc6 11. b5 Nd4+ 12. Ke3 e5 13. Bc4 Qxb2 14.
Bd3 Nf6 15. Ne2 Ng4# {White checkmated} 0-1